 Dungeon Crawl Stone Soup version 0.29-a0-341-g24ffce5b50 (webtiles) character file.

Game seed: 7638437655254497506

16 spaghetti the Caller (level 2, -4/19 HPs)
             Began as a Demonspawn Summoner on Apr 20, 2022.
             Slain by a kobold
             ... wielding a +0 short sword
              (5 damage)
             ... on level 1 of the Dungeon.
             The game lasted 00:01:51 (1013 turns).

spaghetti the Caller (Demonspawn Summoner)          Turns: 1013, Time: 00:01:53

Health: -4/19      AC:  2    Str:  6 (8)  XL:     2   Next: 37%
Magic:  4/5        EV:  9    Int: 13 (16) God:
Gold:   33         SH:  0    Dex: 10 (13) Spells: 4/5 levels left

rFire   . . .      SeeInvis .   e - +0 hand axe {axe}
rCold   . . .      Faith    .   (no shield)
rNeg    . . .      Spirit   .   a - +0 robe
rPois   .          Reflect  .   (no helmet)
rElec   .          Harm     .   (no cloak)
rCorr   .          Rampage  .   (no gloves)
Will    .....                   (no boots)
Stlth   ++........              (no amulet)
HPRegen 0.06/turn               (no ring)
MPRegen 0.09/turn               (no ring)

@: constricted
A: ignite blood 1
a: no special abilities


You were on level 1 of the Dungeon.
You visited 1 branch of the dungeon, and saw 1 of its levels.

You collected 33 gold pieces.


Innate Abilities, Weirdness & Mutations

Your demonic aura sometimes causes spilled blood to erupt in flames.


   Skills:
 - Level 1.7 Dodging
 - Level 1.7 Stealth
 - Level 2.0 Spellcasting
 + Level 4.2 Summonings
 * Level 1.5 Air Magic


You had 4 spell levels left.
You knew the following spells:

 Your Spells              Type           Power      Damage    Failure   Level
a - Summon Small Mammal   Summ           48%        N/A       4%          1

Your spell library contained the following spells:

 Spells                   Type           Power      Damage    Failure   Level
 Call Imp                 Summ           12%        N/A       7%          2
 Call Canine Familiar     Summ           12%        N/A       14%         3
 Summon Guardian Golem    Hex/Summ       6%         N/A       32%         3
 Summon Lightning Spire   Summ/Air       8%         N/A       61%         4

Inventory:

Hand Weapons
 c - a +0 club {mace}
   (You took it off a goblin on level 1 of the Dungeon)
 e - a +0 hand axe (weapon) {axe}
   (You found it on level 1 of the Dungeon)
Missiles
 f - 33 stones {throwing}
Armour
 a - a +0 robe (worn)
Potions
 b - a potion of magic

Dungeon Overview and Level Annotations

Branches:
Dungeon (1/15)

Altars:

#####.#..##.#.#####รท)#
#..........#..#####..#
#.##..#.##...>......#.
#.#..##..#......###
##........######..#. #
#...#...............
#.#.#.####.#######....
#.....# .# #....
#..r.@# #### #....
##..SK# #...##....
##.#.# .#........#
#.#.# ..........# ....#
.##.####..# ##.#.#
##.####..# ...
.........# ...
##.##..... #.....


You could see a ball python, a kobold (ally target) and a friendly rat
(summoned).


Message History

* * * LOW HITPOINT WARNING * * *
๐Ÿ˜จ HP[-1]
You take 1 damage, and now have 8/19 hp.
You barely miss the giant cockroach. Your bat hits the giant cockroach.
The giant cockroach dies!
Your bat disappears in a puff of smoke!
Key pressed, stopping explore.
Key pressed, stopping explore.
Key pressed, stopping explore.
You see here a rat skeleton.
f - 33 stones {throwing} (gained 22) Key pressed, stopping explore.
You see here a rat skeleton.
A rat comes into view. ๐Ÿ˜Ž HP[+11] MP[+1]
Your hp is fully restored (19).
Your mp is fully restored (5).
A rat is nearby!
Casting: Summon Small Mammal (safe; 4% risk of failure)
Confirm with . or Enter, or press ? or * to list all spells.
๐Ÿ˜Ž MP[-1]
You lost 1 mp, and now have 4/5 mp.
Casting: Summon Small Mammal (safe; 4% risk of failure)
Confirm with . or Enter, or press ? or * to list all spells.
You miscast Summon Small Mammal.
You are very lightly contaminated with residual magic.
Nothing appears to happen. ๐Ÿ˜Ž MP[-1]
You lost 1 mp, and now have 3/5 mp.
What are your orders? t - Shout!
Orders for allies: a - Attack new target. r - Retreat! s - Stop attacking. g - Guard the area. f - Follow me.
Anything else - Cancel.
Gang up on whom?
Press: ? - help, Dir - move target, f - rat
Aim: a rat (ally target) Attack!
The rat barely misses your quokka.
Your quokka closely misses the rat.
The rat closely misses your quokka.
Your quokka bites the rat but does no damage.
The rat bites your quokka.
You swap places.
The rat bites you.
Your quokka bites the rat. ๐Ÿ˜• HP[-2]
You take 2 damage, and now have 17/19 hp.
You closely miss the rat. The rat bites you.
Your quokka bites the rat.
The rat dies! ๐Ÿ˜• HP[-2]
You take 2 damage, and now have 15/19 hp.
Your magical contamination has completely faded away.
Your quokka disappears in a puff of smoke!
Key pressed, stopping explore.
A kobold comes into view.
It is wielding a +0 short sword. ๐Ÿ˜Ž HP[+4] MP[+2]
Your hp is fully restored (19).
Your mp is fully restored (5).
A kobold is nearby!
A kobold is nearby!
A kobold is nearby!
The kobold shouts!
You barely miss the kobold.
A ball python comes into view.
The kobold closely misses you.
You closely miss the kobold.
The ball python hisses angrily.
The kobold completely misses you.
The kobold hits you with a +0 short sword. ๐Ÿ˜• HP[-4]
You take 4 damage, and now have 15/19 hp.
MASSIVE DAMAGE!! (PAUSE)
You hit the kobold but do no damage.
The kobold hits you with a +0 short sword. ๐Ÿ˜ฎ HP[-4]
You take 4 damage, and now have 11/19 hp.
MASSIVE DAMAGE!! (PAUSE)
Casting: Summon Small Mammal (safe; 4% risk of failure)
Confirm with . or Enter, or press ? or * to list all spells.
The kobold hits you with a +0 short sword.
* * * LOW HITPOINT WARNING * * *
๐Ÿ˜จ HP[-5] MP[-1]
You take 5 damage, and now have 6/19 hp.
MASSIVE DAMAGE!! (PAUSE)
You lost 1 mp, and now have 4/5 mp.
Okay, then.
You hit the ball python but do no damage.
You barely miss the kobold. The ball python barely misses you.
The ball python grabs you. The ball python constricts you.
* * * LOW HITPOINT WARNING * * *
The kobold hits you with a +0 short sword.
* * * LOW HITPOINT WARNING * * *
Your rat closely misses the ball python.
The ball python closely misses you.
The ball python constricts you. ๐Ÿ˜ฑ HP[-5]
You take 5 damage, and now have 1/19 hp.
MASSIVE DAMAGE!! (PAUSE)
Okay, then.
As you read the scroll labelled CALAFRAXTY, it crumbles to dust.
It is a scroll of identify.
You don't have any unidentified items.
The kobold hits you with a +0 short sword.
You die...

Skill      XL: |  1 |
---------------+----+-----
Air Magic      | 1 |  1.5
Dodging        | |  1.7
Stealth        | |  1.7
Spellcasting   | |  2.0
Summonings     | |  4.2

Action                   || total
-------------------------++-------
Melee: Unarmed           ||    26
       Hand axe          ||    34
 Cast: Summon Small Mamm ||    18
  Use: Scroll            ||     1
       Potion            ||     1
Armor: Robe              ||    14
Dodge: Dodged            ||    57

Levels and vault maps discovered:
D:1:      dpeg_arrival_tiny_c, layout_loops_ring, minmay_misc_feat_room

Notes
Turn   | Place    | Note
-------+----------+-------------------------------------------
     0 | D:1      | spaghetti the Demonspawn Summoner began the quest for the
                  | Orb.
     0 | D:1      | Reached XP level 1. HP: 13/13 MP: 3/3
     0 | D:1      | magus.rc [v1.9.6]
   221 | D:1      | Reached skill level 1 in Air Magic
   543 | D:1      | Gained mutation: Your demonic aura sometimes causes spilled
                  | blood to erupt in flames. [demonic ancestry]
   543 | D:1      | Reached XP level 2. HP: 19/19 MP: 1/5
  1012 | D:1      | HP: 1/19 [kobold/+0 short sword (4)]
  1013 | D:1      | Slain by a kobold

Vanquished Creatures
  A giant cockroach (D:1)
  A goblin (D:1)
  A hobgoblin (D:1)
  A quokka (D:1)
  A frilled lizard (D:1)
  2 rats (D:1)
7 creatures vanquished.

Vanquished Creatures (collateral kills)
  2 endoplasms (D:1)
  A giant cockroach (D:1)
  A goblin (D:1)
  A bat (D:1)
  A frilled lizard (D:1)
  A kobold (D:1)
  A rat (D:1)
8 creatures vanquished.

Grand Total: 15 creatures vanquished

Table legend:
 A = Non-vault XP
 B = Vault XP
 C = Vault XP percentage of total XP
 D = Non-vault monster count
 E = Vault monster count
 F = Vault count percentage of total count
                 A         B        C        D         E       F
            +---------+---------+-------+---------+---------+-------
      Total |      23 |       0 |   0.0 |      15 |       0 |   0.0
            +---------+---------+-------+---------+---------+-------
        D:1 |      23 |       0 |   0.0 |      15 |       0 |   0.0
            +---------+---------+-------+---------+---------+-------

Illustrated notes

Table legend:
 A = Kills in this place as a percentage of kills in entire the game.
 B = Kills by you in this place as a percentage of kills by you in the entire game.
 C = Kills by friends in this place as a percentage of kills by friends in the entire game.
 D = Other kills in this place as a percentage of other kills in the entire game.
 E = Experience gained in this place as a percentage of experience gained in the entire game.
 F = Experience gained in this place divided by the number of levels of this place that you have seen.
                   A       B       C       D       E      F
               +-------+-------+-------+-------+-------+----------------------
         Total | 100.0 | 100.0 | 100.0 |   N/A | 100.0 |  23.0
       Dungeon | 100.0 | 100.0 | 100.0 |   N/A | 100.0 |  23.0
               +-------+-------+-------+-------+-------+----------------------

Table legend: (Time is in decaauts)
 A = Elapsed time spent in this place.
 B = Non-inter-level travel time spent in this place.
 C = Inter-level travel time spent in this place.
 D = Time resting spent in this place.
 E = Time spent auto-exploring this place.
 F = Levels seen in this place.
 G = Mean time per level.
                   A        B        C        D        E       F      G
               +--------+--------+--------+--------+--------+-----+--------+
         Total |   1022 |   1022 |      0 |      0 |    844 |   1 | 1022.0 |
       Dungeon |   1022 |   1022 |      0 |      0 |    844 |   1 | 1022.0 |
               +--------+--------+--------+--------+--------+-----+--------+

Top non-repeatable levels by time:
     D:1: 1022 daAuts
